 Dungeon Crawl Stone Soup version 0.25-a0-942-g87a53962fc (webtiles) character file.

Game seed: 3811319448040811041, levelgen mode: deterministic

28483 Flugslaktarn the Severer (level 13, -4/119 HPs)
             Began as a Minotaur Fighter on May 7, 2020.
             Was an Initiate of Gozag.
             Slain by a ten-headed hydra (8 damage)
             ... on level 4 of the Lair of Beasts.
             The game lasted 00:08:17 (17113 turns).

Flugslaktarn the Severer (Minotaur Fighter)        Turns: 17113, Time: 00:08:18

Health: -4/119     AC: 19    Str: 24    XL:     13   Next: 10%
Magic:  12/12      EV: 14    Int:  5    God:    Gozag
Gold:   2225       SH:  0    Dex: 12    Spells: 12/12 levels left

rFire    . . .     SeeInvis .   y - +5 battleaxe
rCold    . . .     Gourm    .   (shield currently unavailable)
rNeg     . . .     Faith    .   v - +6 scale mail of the Unseen Realm {rElec rPois}
rPois    +         Spirit   .   I - +2 hat
rElec    +         Reflect  .   p - scarf {repulsion}
rCorr    .         Harm     .   E - +1 pair of gloves
MR       +....                  (no boots)
Stlth    ..........             (no amulet)
HPRegen  0.29/turn              m - ring of protection from magic
MPRegen  0.13/turn              j - +3 ring of slaying

@: gold aura, repel missiles
A: retaliatory headbutt, horns 2
a: Potion Petition, Call Merchant, Bribe Branch, Renounce Religion


You were on level 4 of the Lair of Beasts.
You worshipped Gozag.
Gozag was most pleased with you.
You were hungry.

You visited 3 branches of the dungeon, and saw 15 of its levels.

You collected 3680 gold pieces.
You paid 1455 gold pieces to Gozag.

Inventory:

Hand Weapons
 a - a +1 war axe
 y - a +5 battleaxe (weapon)
   (You took it off a wight on level 8 of the Dungeon)
Missiles
 b - 5 throwing nets (quivered)
Armour
 c - a +0 plate armour
   (You found it on level 3 of the Dungeon)
 p - a scarf of repulsion (worn)
   (You found it on level 7 of the Dungeon)
 s - a +3 kite shield
   (You took it off an orc on level 4 of the Dungeon)
 v - the +6 scale mail of the Unseen Realm (worn) {rElec rPois}
   (You found it on level 8 of the Dungeon)

   It insulates you from electricity.
   It protects you from poison.
 E - a +1 pair of gloves (worn)
   (You found it on level 2 of the Lair of Beasts)
 I - a +2 hat (worn)
   (You took it off Gastronok on level 3 of the Lair of Beasts)
Jewellery
 i - an uncursed ring of see invisible
   (You took it off an orc on level 4 of the Dungeon)
 j - a +3 ring of slaying (right hand)
   (You found it on level 10 of the Dungeon)
 m - a ring of protection from magic (left hand)
   (You found it on level 2 of the Dungeon)
 u - an uncursed ring of fire
   (You found it on level 8 of the Dungeon)
Wands
 f - a wand of paralysis (19)
   (You found it on level 4 of the Dungeon)
 D - a wand of scattershot (4)
   (You found it on level 1 of the Lair of Beasts)
 F - a wand of enslavement (10)
   (You found it on level 2 of the Lair of Beasts)
 H - a wand of iceblast (17)
   (You found it on level 3 of the Lair of Beasts)
Scrolls
 g - 2 scrolls of enchant weapon
 h - 3 scrolls of fear
 k - a scroll of immolation
 n - a scroll of torment {unknown}
 r - 2 scrolls of identify
 t - 5 scrolls of teleportation
 x - 6 scrolls of remove curse
 z - a scroll of blinking
 C - 2 scrolls of silence
 G - a scroll of holy word
Potions
 d - 4 potions of might
 l - 2 potions of flight
 o - a potion of brilliance
 q - 10 potions of curing
 w - 2 potions of heal wounds
 A - 3 potions of invisibility
 B - 2 potions of mutation
Comestibles
 e - 15 rations


   Skills:
 + Level 12.3 Fighting
 * Level 16.1 Axes
 + Level 12.4 Armour
 + Level 7.8 Dodging
 - Level 9.3 Shields


You had 12 spell levels left.
You didn't know any spells.
Your spell library was empty.

Dungeon Overview and Level Annotations

Branches:
Dungeon (10/15)            Temple (1/1) D:6            Lair (4/6) D:10
  Snake (0/4) Lair:3          Orc (0/2) D:10
  Swamp: Lair:2-4    Shoals: Lair:2-4

Altars:
Ashenzari
Cheibriados
Dithmenos
Elyvilon
Fedhas
Gozag
Hepliaklqana
Kikubaaqudgha
Makhleb
Nemelex Xobeh
Okawaru
Qazlal
Ru
Sif Muna
Trog
Uskayaw
Vehumet
Wu Jian
Xom
Yredelemnul
Zin
The Shining One

Shops:
D:4 =   Lair:1 ((

Portals:
Trove: D:10 (give 7 potions of haste)

Annotations:
Lair:4 Rupert


Innate Abilities, Weirdness & Mutations

You reflexively headbutt those who attack you in melee.
You have a pair of horns on your head.


Message History

The nine-headed hydra bites you! The nine-headed hydra bites you.
You chop one of the nine-headed hydra's heads off!
The eight-headed hydra grows two more!
You slash the ten-headed hydra!
The ten-headed hydra is heavily wounded.
You closely miss the wolf. You miss the wolf.
You hit the wolf but do no damage.
The wolf becomes distracted by the nearby gold, dreaming of imaginary riches.
The wolf bites you but does no damage. The ten-headed hydra bites you! x2
* * * LOW HITPOINT WARNING * * *
The wolf howls!
The ten-headed hydra bites you!
* * * LOW HITPOINT WARNING * * *
The ten-headed hydra barely misses you.
The ten-headed hydra bites you but does no damage.
The ten-headed hydra bites you!
* * * LOW HITPOINT WARNING * * *
The ten-headed hydra bites you but does no damage.
The ten-headed hydra barely misses you. x2; The ten-headed hydra bites you!
You die...
Your body crumbles into a pile of gold.

## ...... ##. .$...P. ##
#....$....#
###.##..#...#.##
........#..#@...
..............#
......hD#h.#..#
.......h@h....##.#
..)......h....... $
........###.#...#
....>...#####..#
.##..#...#.....#
#..........#P..#
...........#.(.##########
........................#
#..........#...#.##..#..#


You could see Rupert, a ten-headed hydra and 5 wolves.

Vanquished Creatures
  Gastronok (Lair:3)
  Harold (Lair:2)
  2 two-headed ogres
  A cyclops (D:8)
  A black mamba (Lair:2)
  2 elephants
  5 spiny frogs
  A torpor snail (Lair:3)
  Maggie (D:7)
  A rime drake (Lair:3)
  3 komodo dragons
  A queen bee (Lair:3)
  A troll (D:9)
  A tyrant leech (Lair:4)
  9 blink frogs
  2 hornets (D:9)
  Grinder (D:4)
  14 hippogriffs
  A centaur simulacrum (D:10)
  4 wyverns (Lair:3)
  22 yaks
  4 basilisks
  A steam dragon (Lair:2)
  9 water moccasins
  6 porcupines
  Duvessa (D:5)
  6 ice beasts
  3 sky beasts
  7 orc warriors
  A phantom (D:7)
  2 black bears
  A necrophage (D:8)
  7 wolves (Lair:3)
  2 centaurs
  5 ogres
  8 crocodiles
  2 big kobolds (D:9)
  A gnoll sergeant (D:10)
  15 bullfrogs
  Dowan (D:5)
  4 scorpions
  30 killer bees
  A water moccasin skeleton (D:4)
  19 wights
  An electric eel (Lair:2)
  2 howler monkeys (D:4)
  4 crimson imps
  2 bullfrog zombies
  6 hounds
  7 orc priests
  A gnoll shaman (D:9)
  2 jellies
  5 iguanas
  A bullfrog skeleton (D:9)
  3 centaur skeletons
  12 orc wizards
  3 worker ants
  Natasha (thrice) (D:4)
  A hound zombie (D:8)
  A hound skeleton (D:6)
  4 mummies (D:8)
  Robin (D:4)
  8 gnolls
  11 adders
  A shadow imp (D:7)
  An ooze (D:3)
  An adder zombie (D:5)
  2 worms (D:3)
  3 dart slugs (D:3)
  6 leopard geckos
  63 orcs
  3 ball pythons
  4 giant cockroaches
  13 hobgoblins
  8 jackals
  8 kobolds
  4 quokkas
  4 bats
  7 frilled lizards
  A giant cockroach zombie (D:5)
  17 goblins
  A quokka skeleton (D:4)
  8 rats
  A fungus (Lair:3)
  3 plants (Lair:3)
448 creatures vanquished.

Vanquished Creatures (others)
  A fungus (Lair:4)
  4 plants
5 creatures vanquished.

Grand Total: 453 creatures vanquished

Notes
Turn   | Place    | Note
-------+----------+-------------------------------------------
     0 | D:1      | Flugslaktarn the Minotaur Fighter began the quest for the
                  | Orb.
     0 | D:1      | Reached XP level 1. HP: 19/19 MP: 0/0
   249 | D:2      | Reached XP level 2. HP: 27/27 MP: 1/1
   385 | D:1      | Reached skill level 3 in Axes
  1028 | D:2      | Reached XP level 3. HP: 33/33 MP: 2/2
  1966 | D:3      | Reached XP level 4. HP: 32/40 MP: 3/3
  2171 | D:3      | Reached skill level 4 in Axes
  2297 | D:3      | Found an iron altar of Okawaru.
  2692 | D:4      | Reached XP level 5. HP: 47/47 MP: 4/4
  2696 | D:4      | Noticed Natasha
  2702 | D:4      | Killed Natasha
  2788 | D:4      | Reached skill level 5 in Axes
  2790 | D:4      | Reached XP level 6. HP: 26/55 MP: 5/5
  2799 | D:4      | Reached skill level 5 in Fighting
  2799 | D:4      | Reached skill level 5 in Armour
  2799 | D:4      | Reached skill level 5 in Shields
  2815 | D:4      | Noticed Grinder
  3013 | D:4      | Killed Grinder
  3013 | D:4      | Reached skill level 6 in Axes
  3013 | D:4      | Reached XP level 7. HP: 53/61 MP: 6/6
  3339 | D:4      | Noticed Natasha
  3340 | D:4      | Noticed Robin
  3348 | D:4      | Killed Natasha
  3354 | D:4      | Killed Robin
  3409 | D:4      | Noticed Natasha
  3415 | D:4      | Killed Natasha
  3826 | D:4      | Found Diyli's Jewellery Boutique.
  3883 | D:5      | Entered Level 5 of the Dungeon
  4289 | D:5      | Found a burning altar of Makhleb.
  4295 | D:5      | Found a radiant altar of Vehumet.
  4314 | D:5      | Reached skill level 7 in Axes
  4387 | D:5      | Found a bloodstained altar of Trog.
  4391 | D:5      | Noticed Duvessa
  4391 | D:5      | Noticed Dowan
  4403 | D:5      | Killed Duvessa
  4411 | D:5      | Killed Dowan
  4411 | D:5      | Reached XP level 8. HP: 54/70 MP: 7/7
  5140 | D:6      | Reached skill level 8 in Axes
  5492 | D:6      | Found a glowing golden altar of the Shining One.
  5607 | D:6      | Found a white marble altar of Elyvilon.
  5767 | D:6      | Found a staircase to the Ecumenical Temple.
  5775 | Temple   | Entered the Ecumenical Temple
  5840 | Temple   | Became a worshipper of Gozag Ym Sagoz the Greedy
  6055 | D:6      | Found a sparkling altar of Nemelex Xobeh.
  6173 | D:6      | Found an ornate altar of the Wu Jian Council.
  6317 | D:7      | Reached skill level 9 in Axes
  6423 | D:7      | Reached XP level 9. HP: 64/79 MP: 8/8
  7227 | D:7      | Found a sacrificial altar of Ru.
  7227 | D:7      | Found an ancient bone altar of Kikubaaqudgha.
  7515 | D:7      | Noticed Maggie
  7531 | D:7      | Killed Maggie
  7531 | D:7      | Reached skill level 10 in Axes
  7664 | D:8      | Noticed a two-headed ogre
  8009 | D:8      | Killed a two-headed ogre
  8009 | D:8      | Reached skill level 11 in Axes
  8009 | D:8      | Reached XP level 10. HP: 27/90 MP: 9/9
  8388 | D:8      | Found a snail-covered altar of Cheibriados.
  9300 | D:8      | Noticed a cyclops
  9315 | D:8      | Killed a cyclops
  9318 | D:8      | Reached skill level 12 in Axes
  9465 | D:8      | Got a dazzling scale mail
  9476 | D:8      | Identified the +6 scale mail of the Unseen Realm {rElec
                  | rPois} (You found it on level 8 of the Dungeon)
  9836 | D:9      | Noticed a two-headed ogre
  9842 | D:9      | Killed a two-headed ogre
  9842 | D:9      | Reached skill level 1 in Dodging
 10417 | D:9      | Found a shimmering altar of Xom.
 10520 | D:9      | Reached XP level 11. HP: 99/99 MP: 10/10
 10907 | D:9      | Reached skill level 10 in Armour
 10959 | D:9      | Reached skill level 10 in Fighting
 11239 | D:9      | Reached skill level 13 in Axes
 11681 | D:10     | Entered Level 10 of the Dungeon
 12014 | D:10     | Found a staircase to the Lair.
 12491 | D:10     | Found a staircase to the Orcish Mines.
 12546 | D:10     | Found a portal to a secret trove of treasure.
 12702 | D:10     | Found a shimmering altar of Xom.
 12709 | D:10     | Found a shimmering altar of Xom.
 12887 | Lair:1   | Entered Level 1 of the Lair of Beasts
 13163 | Lair:1   | Reached skill level 14 in Axes
 13163 | Lair:1   | Reached skill level 5 in Dodging
 13882 | Lair:2   | Reached XP level 12. HP: 86/110 MP: 11/11
 14440 | Lair:2   | Noticed Harold
 14448 | Lair:2   | Killed Harold
 14790 | Lair:2   | Reached skill level 15 in Axes
 15344 | Lair:3   | Found a staircase to the Snake Pit.
 16316 | Lair:3   | Noticed Gastronok
 16328 | Lair:3   | Killed Gastronok
 16328 | Lair:3   | Reached skill level 16 in Axes
 16328 | Lair:3   | Reached XP level 13. HP: 118/118 MP: 12/12
 17109 | Lair:4   | Noticed Rupert
 17113 | Lair:4   | HP: 4/119 [ten-headed hydra (8)]
 17113 | Lair:4   | Slain by a ten-headed hydra

Levels and vault maps discovered:
D:1:      lightli_arrival_farm, layout_loops_corners, minmay_cut_off
D:2:      layout_loops_ring, minmay_nonomino_d4
D:3:      layout_rooms, nicolae_overflow_hidden_temple,
          minmay_goblin_kobold_house
D:4:      layout_cave_pods, serial_shops, nicolae_shop_behind_doors,
          first_ration, uniq_grinder, uniq_robin, uniq_natasha
D:5:      layout_layer_cave, grunt_temple_overflow_lords_of_destruction,
          lemuel_crystal_altar, uniq_duvessa
D:6:      layout_loops_ring, kennysheep_little_box, kennysheep_mini,
          nemelex_xobeh_ov_fountains_minmay, elyvilon_altar_4,
          minmay_temple_entry_wispy
D:7:      layout_loops_ring, gammafunk_temple_overflow_statue, uniq_maggie
D:8:      layout_cave_pools, overflow_temple_1_default, serial_undead,
          serial_undead_a, serial_undead_b, serial_undead_a, serial_undead_e,
          special_room [special_room_orc], minmay_radiant
D:9:      cheibrodos_fzero, layout_irregular_city, lemuel_round_altar
D:10:     layout_roguey, david_lair_generic, orc_0_dummy, enter_trove_6,
          xom_redecorated
Temple:   jpeg_temple_alley_garden
Lair:1:   layout_regular_city
Lair:2:   layout_regular_city, chequers_serial_rivers_small_3,
          fungi_pond_lemuel, grunt_megastairs_5, infiniplex_staircase_pool,
          lemuel_fruit_tree, uniq_harold
Lair:3:   regret_index_tunnel_blossom, layout_gridlike, dummy_snake_entry,
          uniq_gastronok
Lair:4:   layout_loops_ring, minmay_swamp_entry_worms, beast_lair_carwin_2,
          uniq_rupert, uniq_nergalle

Skill      XL: |  1  2  3  4  5  6  7  8  9 10 11 12 |
---------------+-------------------------------------+-----
Axes           | 3 4 5 6 7 9 11 12 14 16 | 16.1
Fighting       | 4 5 6 7 8 9 11 12 | 12.3
Shields        | 4 5 6 7 8 9 |  9.3
Armour         | 4 5 6 7 8 9 11 12 | 12.4
Dodging        | 2 5 7 |  7.8

Action                   |  1- 3 |  4- 6 |  7- 9 | 10-12 | 13-15 || total
-------------------------+-------+-------+-------+-------+-------++-------
Melee: War axe           |   106 |   104 |   360 |   125 |       ||   695
       Headbutt          |     9 |    17 |    62 |   125 |    10 ||   223
       Battleaxe         |       |       |       |   457 |    38 ||   495
Invok: Call Merchant     |       |       |       |     2 |       ||     2
  Use: Potion            |     2 |       |     3 |       |       ||     5
       Scroll            |     1 |       |     9 |     9 |       ||    19
 Stab: Distracted        |       |       |       |     5 |       ||     5
  Eat: Chunk             |     3 |     4 |     4 |       |       ||    11
       Ration            |       |       |     4 |     8 |       ||    12
Armor: Scale mail        |    38 |       |       |   228 |    25 ||   291
       Plate armour      |    17 |    60 |   164 |    34 |       ||   275
       Chain mail        |     4 |       |       |       |       ||     4
Dodge: Dodged            |    33 |    15 |    49 |   282 |    42 ||   421
       Repelled          |       |       |       |     7 |       ||     7
Block: Kite shield       |    52 |    55 |   259 |    63 |       ||   429

Table legend:
 A = Non-vault XP
 B = Vault XP
 C = Vault XP percentage of total XP
 D = Non-vault monster count
 E = Vault monster count
 F = Vault count percentage of total count
                 A         B        C        D         E       F
            +---------+---------+-------+---------+---------+-------
      Total |   25989 |   14701 |  36.1 |     312 |     132 |  29.7
            +---------+---------+-------+---------+---------+-------
        D:1 |      21 |       4 |  16.0 |      12 |       2 |  14.3
        D:2 |      25 |      23 |  47.9 |      16 |       8 |  33.3
        D:3 |     103 |       8 |   7.2 |      31 |       4 |  11.4
        D:4 |     546 |     340 |  38.4 |      26 |      14 |  35.0
        D:5 |     420 |     257 |  38.0 |      14 |       3 |  17.6
        D:6 |     618 |       0 |   0.0 |      16 |       0 |   0.0
        D:7 |    1410 |     388 |  21.6 |      28 |       2 |   6.7
        D:8 |    2884 |    1347 |  31.8 |      43 |      30 |  41.1
        D:9 |    3248 |    1707 |  34.5 |      27 |      14 |  34.1
       D:10 |    2705 |    1035 |  27.7 |      30 |       4 |  11.8
     Lair:1 |    4039 |       0 |   0.0 |      20 |       0 |   0.0
     Lair:2 |    4960 |    1342 |  21.3 |      25 |       3 |  10.7
     Lair:3 |    3735 |    7964 |  68.1 |      19 |      47 |  71.2
     Lair:4 |    1275 |     286 |  18.3 |       5 |       1 |  16.7
            +---------+---------+-------+---------+---------+-------
